[ AOE2 MATCH · #480563452 ]
UnrankedPersians vs Gurjaras
[ REPLAY ANALYSIS · EXTRACTED FROM THE RECORDED GAME ]
Feudal
11:44
Castle
15:03
Imperial
30:10
| APM avg | 30.6 |
| APM peak | 70 |
| eAPM avg | 19.3 |
| Villagers / military | 155 / 163 |
Focus
⚔️ 23.3% · 🌾 76.7%
Knight ×108 · Scout Cavalry ×43 · Trade Cart ×15 · Bombard Cannon ×12 · Fishing Ship ×9
Feudal
12:19
Castle
16:25
Imperial
30:00
| APM avg | 34.8 |
| APM peak | 60 |
| eAPM avg | 19.3 |
| Villagers / military | 103 / 79 |
Focus
⚔️ 21.0% · 🌾 79.0%
Elephant Archer ×69 · Fishing Ship ×53 · Armored Elephant ×8 · Mangonel ×1 · Bombard Cannon ×1
Feudal
13:41
Castle
23:49
Imperial
34:11
| APM avg | 31.9 |
| APM peak | 67 |
| eAPM avg | 22.1 |
| Villagers / military | 140 / 73 |
Focus
⚔️ 27.4% · 🌾 72.6%
Elephant Archer ×53 · Fire Galley ×5 · Unknown (882) ×5 · Ratha (Ranged) ×5 · Monk ×4 · Demolition Raft ×4
Feudal
13:38
Castle
17:15
Imperial
26:58
| APM avg | 27.5 |
| APM peak | 58 |
| eAPM avg | 20.0 |
| Villagers / military | 99 / 212 |
Focus
⚔️ 34.5% · 🌾 65.5%
Spearman ×85 · Archer ×72 · Scorpion ×46 · Fishing Ship ×32 · Trebuchet (Packed) ×5 · Monk ×2
Feudal
11:24
Castle
22:49
Imperial
31:15
| APM avg | 32.3 |
| APM peak | 63 |
| eAPM avg | 21.7 |
| Villagers / military | 156 / 68 |
Focus
⚔️ 26.0% · 🌾 74.0%
Skirmisher ×50 · Obuch ×9 · Militia ×3 · Fire Galley ×2 · Trebuchet (Packed) ×2 · Monk ×1
Feudal
11:23
Castle
23:08
Imperial
37:57
| APM avg | 33.1 |
| APM peak | 62 |
| eAPM avg | 19.1 |
| Villagers / military | 118 / 116 |
Focus
⚔️ 34.3% · 🌾 65.7%
Spearman ×89 · Galley ×14 · Unknown (2626) ×12 · Scorpion ×8 · Fire Galley ×5
Feudal
14:56
Castle
19:25
Imperial
38:12
| APM avg | 28.5 |
| APM peak | 76 |
| eAPM avg | 17.4 |
| Villagers / military | 108 / 38 |
Focus
⚔️ 19.9% · 🌾 80.1%
Genoese Crossbowman ×30 · Fishing Ship ×12 · Fire Galley ×4 · Mangonel ×2 · Transport Ship ×2 · Unknown (2626) ×2
Feudal
10:21
Castle
25:57
Imperial
30:48
| APM avg | 35.6 |
| APM peak | 76 |
| eAPM avg | 23.2 |
| Villagers / military | 103 / 61 |
Focus
⚔️ 36.0% · 🌾 64.0%
Monk ×40 · Trebuchet (Packed) ×12 · Militia ×5 · Fishing Ship ×3 · Jaguar Warrior ×3 · Fire Galley ×1
Match map
Initial resources + every placement click. Lines = walls · curves = elevation contours. ◆ gold · ⬟ stone · ● berries · ✦ relic · ◌ wall gap
Your base· ✓ Closed at 15:03 · 9t walls · no gate
Mushu's base· Open — opponent sealed themselves in
Pandas United's base· ✓ Closed at 23:49 · 62t walls · no gate
Deadbeat Dan's base· ✓ Closed at 17:15 · 16t walls · no gate
ALBERT's base· ✓ Closed at 22:49 · 29t walls · 1 gate(s)
dinkydinks's base· ✓ Closed at 23:08 · 61t walls · no gate
Pohtan's base· ✓ Closed at 19:25 · 69t walls · no gate
Kalamalahala's base· ✓ Closed at 25:57 · 41t walls · no gate
Smoothed initial terrain · ◌ = detected wall gap · hover for details
Inputs per minute
— darthboggs - - Mushu
Build order — darthboggs
First 150 of 419 actions detected
| 0:01 | Queue | Villager (Male) |
| 0:01 | Queue | Villager (Male) |
| 0:01 | Queue | Villager (Male) |
| 0:03 | Build | House |
| 0:05 | Build | House |
| 0:25 | Queue | Villager (Male) |
| 0:25 | Queue | Villager (Male) |
| 1:26 | Queue | Villager (Male) |
| 1:42 | Build | Lumber Camp |
| 2:01 | Queue | Villager (Male) |
| 2:13 | Build | House |
| 2:16 | Queue | Villager (Male) |
| 2:48 | Queue | Villager (Male) |
| 3:32 | Queue | Villager (Male) |
| 3:32 | Queue | Villager (Male) |
| 4:01 | Queue | Villager (Male) |
| 4:01 | Queue | Villager (Male) |
| 4:18 | Build | Dock |
| 4:42 | Queue | Villager (Male) |
| 4:53 | Build | House |
| 5:12 | Queue | Villager (Male) |
| 5:12 | Queue | Villager (Male) |
| 5:19 | Queue | Fishing Ship |
| 5:19 | Queue | Fishing Ship |
| 6:06 | Queue | Villager (Male) |
| 6:06 | Queue | Villager (Male) |
| 6:18 | Queue | Villager (Male) |
| 6:22 | Build | House |
| 6:23 | Queue | Fishing Ship |
| 6:37 | Build | House |
| 6:49 | Queue | Villager (Male) |
| 7:27 | Queue | Villager (Male) |
| 7:32 | Build | Mill |
| 7:38 | Queue | Villager (Male) |
| 7:50 | Queue | Villager (Male) |
| 7:54 | Queue | Fishing Ship |
| 8:19 | Queue | Villager (Male) |
| 8:21 | Queue | Villager (Male) |
| 8:21 | Queue | Villager (Male) |
| 8:37 | Queue | Fishing Ship |
| 8:56 | Build | Mining Camp |
| 9:32 | Research | Feudal Age |
| 10:07 | Queue | Fishing Ship |
| 10:24 | Build | House |
| 11:26 | Queue | Villager (Male) |
| 11:30 | Queue | Villager (Male) |
| 11:44 | Age | Feudal Age |
| 11:47 | Build | Market |
| 11:49 | Build | Blacksmith |
| 12:37 | Research | Castle Age |
| 13:08 | Research | Loom |
| 13:22 | Research | Double-Bit Axe |
| 13:54 | Build | Palisade Gate |
| 13:57 | Build | Palisade Wall |
| 14:16 | Queue | Fishing Ship |
| 15:03 | Age | Castle Age |
| 15:05 | Build | Town Center |
| 15:07 | Research | Bow Saw |
| 15:19 | Build | Town Center |
| 15:27 | Queue | Villager (Male) |
| 15:28 | Queue | Villager (Male) |
| 15:29 | Queue | Villager (Male) |
| 15:33 | Queue | Fishing Ship |
| 15:58 | Queue | Villager (Male) |
| 15:59 | Queue | Villager (Male) |
| 16:00 | Queue | Villager (Male) |
| 16:02 | Queue | Fishing Ship |
| 16:17 | Queue | Villager (Male) |
| 16:19 | Build | Farm |
| 16:29 | Build | Farm |
| 16:30 | Build | Farm |
| 16:58 | Queue | Villager (Male) |
| 16:59 | Queue | Villager (Male) |
| 17:01 | Queue | Villager (Male) |
| 17:02 | Queue | Villager (Male) |
| 17:02 | Queue | Villager (Male) |
| 17:06 | Build | Farm |
| 17:06 | Build | Farm |
| 17:06 | Build | Farm |
| 17:06 | Build | Farm |
| 17:07 | Build | Farm |
| 17:20 | Build | Fish Trap |
| 17:26 | Build | Fish Trap |
| 17:32 | Build | Fish Trap |
| 17:35 | Queue | Villager (Male) |
| 17:35 | Queue | Villager (Male) |
| 17:42 | Build | Fish Trap |
| 17:56 | Build | Fish Trap |
| 18:02 | Queue | Villager (Male) |
| 18:02 | Queue | Villager (Male) |
| 18:05 | Build | House |
| 18:08 | Build | House |
| 18:15 | Build | Fish Trap |
| 18:20 | Build | Fish Trap |
| 18:27 | Build | Fish Trap |
| 18:29 | Queue | Villager (Male) |
| 18:29 | Queue | Villager (Male) |
| 18:44 | Build | Lumber Camp |
| 18:51 | Research | Wheelbarrow |
| 18:58 | Build | Farm |
| 19:01 | Build | Farm |
| 19:05 | Build | Farm |
| 19:09 | Queue | Villager (Male) |
| 19:09 | Queue | Villager (Male) |
| 19:14 | Build | Farm |
| 19:15 | Build | Farm |
| 19:17 | Build | Farm |
| 19:20 | Queue | Villager (Male) |
| 19:20 | Queue | Villager (Male) |
| 19:32 | Queue | Villager (Male) |
| 19:33 | Queue | Villager (Male) |
| 19:37 | Build | Mill |
| 19:37 | Build | Farm |
| 19:38 | Build | Farm |
| 19:38 | Build | Farm |
| 19:38 | Build | Farm |
| 19:38 | Build | Farm |
| 19:39 | Build | Farm |
| 19:40 | Build | Farm |
| 19:40 | Build | Farm |
| 19:41 | Build | Farm |
| 19:41 | Build | Farm |
| 19:41 | Build | Farm |
| 19:42 | Build | Farm |
| 19:47 | Build | Farm |
| 19:50 | Queue | Villager (Male) |
| 19:50 | Queue | Villager (Male) |
| 19:51 | Queue | Villager (Male) |
| 20:07 | Build | House |
| 20:10 | Build | House |
| 20:11 | Build | House |
| 20:12 | Build | House |
| 20:14 | Queue | Villager (Male) |
| 20:14 | Queue | Villager (Male) |
| 20:15 | Queue | Villager (Male) |
| 20:23 | Build | House |
| 20:26 | Queue | Villager (Male) |
| 20:26 | Queue | Villager (Male) |
| 20:35 | Build | Farm |
| 20:38 | Queue | Villager (Male) |
| 20:38 | Queue | Villager (Male) |
| 20:42 | Build | Farm |
| 20:48 | Research | Horse Collar |
| 21:04 | Build | Farm |
| 21:05 | Build | Farm |
| 21:06 | Queue | Villager (Male) |
| 21:07 | Queue | Villager (Male) |
| 21:07 | Queue | Villager (Male) |
| 21:25 | Research | Heavy Plow |
| 21:27 | Queue | Villager (Male) |
Build order — Mushu
First 150 of 336 actions detected
| 0:02 | Queue | Villager (Male) ×4 |
| 0:03 | Build | House |
| 0:04 | Build | House |
| 0:26 | Build | Mill |
| 1:41 | Queue | Villager (Male) |
| 2:19 | Queue | Villager (Male) |
| 2:32 | Queue | Villager (Male) |
| 2:32 | Queue | Villager (Male) |
| 3:09 | Queue | Villager (Male) |
| 3:09 | Queue | Villager (Male) |
| 3:18 | Build | House |
| 3:45 | Queue | Villager (Male) |
| 4:03 | Build | Lumber Camp |
| 4:12 | Queue | Villager (Male) |
| 4:12 | Queue | Villager (Male) |
| 4:26 | Queue | Villager (Male) |
| 4:52 | Queue | Villager (Male) |
| 5:32 | Queue | Villager (Male) |
| 5:57 | Build | Dock |
| 6:04 | Build | Dock |
| 6:08 | Build | Dock |
| 6:13 | Queue | Villager (Male) |
| 6:13 | Queue | Villager (Male) |
| 6:14 | Queue | Villager (Male) |
| 6:51 | Build | House |
| 6:54 | Build | House |
| 6:56 | Queue | Fishing Ship |
| 7:20 | Queue | Villager (Male) |
| 7:23 | Queue | Fishing Ship |
| 7:29 | Build | House |
| 7:44 | Queue | Villager (Male) |
| 7:54 | Queue | Fishing Ship |
| 8:29 | Queue | Villager (Male) |
| 8:30 | Queue | Villager (Male) |
| 8:33 | Queue | Villager (Male) |
| 8:37 | Queue | Fishing Ship |
| 9:31 | Queue | Villager (Male) |
| 9:47 | Queue | Villager (Male) |
| 9:50 | Build | Mining Camp |
| 9:54 | Research | Feudal Age |
| 9:56 | Queue | Fishing Ship |
| 9:58 | Queue | Fishing Ship |
| 10:49 | Queue | Fishing Ship |
| 10:59 | Build | House |
| 11:22 | Build | Palisade Wall |
| 11:26 | Build | Palisade Wall |
| 11:29 | Build | Palisade Wall |
| 11:35 | Build | Palisade Wall |
| 12:02 | Queue | Fishing Ship |
| 12:03 | Queue | Fishing Ship |
| 12:16 | Queue | Villager (Male) |
| 12:16 | Queue | Villager (Male) |
| 12:19 | Age | Feudal Age |
| 12:35 | Build | Market |
| 12:40 | Build | Blacksmith |
| 13:20 | Queue | Villager (Male) |
| 13:32 | Build | Lumber Camp |
| 13:38 | Research | Castle Age |
| 13:47 | Research | Double-Bit Axe |
| 14:42 | Research | Tech 906 |
| 15:34 | Build | House |
| 15:35 | Build | House |
| 16:06 | Build | Fish Trap |
| 16:11 | Build | Fish Trap |
| 16:15 | Build | Fish Trap |
| 16:19 | Build | Fish Trap |
| 16:25 | Age | Castle Age |
| 16:29 | Queue | Villager (Male) |
| 16:30 | Queue | Villager (Male) |
| 16:34 | Build | Town Center |
| 16:36 | Build | House |
| 16:57 | Build | Siege Workshop |
| 17:24 | Queue | Villager (Male) |
| 17:24 | Queue | Villager (Male) |
| 17:30 | Research | Bow Saw |
| 17:35 | Build | Town Center |
| 17:59 | Queue | Mangonel |
| 18:01 | Build | House |
| 18:03 | Queue | Villager (Male) |
| 18:03 | Queue | Villager (Male) |
| 18:22 | Build | Fish Trap |
| 18:31 | Queue | Villager (Male) |
| 18:31 | Queue | Villager (Male) |
| 18:32 | Queue | Villager (Male) |
| 18:36 | Build | House |
| 18:45 | Queue | Villager (Male) |
| 19:21 | Queue | Villager (Male) |
| 19:21 | Queue | Villager (Male) |
| 19:22 | Queue | Villager (Male) |
| 19:22 | Queue | Villager (Male) |
| 19:23 | Queue | Villager (Male) |
| 19:23 | Queue | Villager (Male) |
| 19:24 | Queue | Villager (Male) ×5 |
| 19:25 | Queue | Fishing Ship |
| 19:26 | Build | Fish Trap |
| 19:30 | Build | Dock |
| 19:35 | Build | Dock |
| 19:53 | Queue | Armored Elephant |
| 19:54 | Queue | Villager (Male) |
| 19:55 | Queue | Villager (Male) |
| 19:58 | Queue | Fishing Ship |
| 20:03 | Build | Dock |
| 20:06 | Build | Dock |
| 20:11 | Build | Fish Trap |
| 20:21 | Build | Fish Trap |
| 20:52 | Build | House |
| 20:57 | Build | Fish Trap |
| 21:00 | Queue | Fishing Ship |
| 21:00 | Queue | Fishing Ship |
| 21:00 | Queue | Fishing Ship |
| 21:01 | Queue | Fishing Ship |
| 21:01 | Queue | Fishing Ship |
| 21:16 | Build | Fish Trap |
| 21:24 | Build | Fish Trap |
| 21:26 | Build | House |
| 21:27 | Build | House |
| 21:34 | Build | House |
| 21:47 | Queue | Villager (Male) |
| 21:47 | Queue | Villager (Male) |
| 21:52 | Queue | Villager (Male) |
| 21:52 | Queue | Villager (Male) |
| 21:55 | Queue | Fishing Ship ×5 |
| 21:59 | Build | Fish Trap |
| 22:10 | Build | Fish Trap |
| 22:18 | Build | Fish Trap |
| 22:20 | Queue | Villager (Male) |
| 22:20 | Queue | Villager (Male) |
| 22:20 | Queue | Villager (Male) |
| 22:21 | Queue | Villager (Male) |
| 22:21 | Queue | Villager (Male) |
| 22:21 | Queue | Villager (Male) |
| 22:24 | Build | Fish Trap |
| 22:26 | Build | Fish Trap |
| 22:27 | Queue | Fishing Ship |
| 22:27 | Queue | Fishing Ship |
| 22:29 | Build | House |
| 22:30 | Build | House |
| 22:32 | Build | House |
| 22:35 | Queue | Fishing Ship |
| 22:41 | Build | Fish Trap |
| 22:43 | Build | Fish Trap |
| 22:52 | Queue | Villager (Male) |
| 22:57 | Queue | Fishing Ship |
| 23:00 | Build | Fish Trap |
| 23:02 | Build | Fish Trap |
| 23:06 | Build | Fish Trap |
| 23:11 | Build | Fish Trap |
| 23:24 | Queue | Villager (Male) |
| 23:25 | Queue | Villager (Male) |
| 23:25 | Queue | Villager (Male) |
Build order — Pandas United
First 150 of 417 actions detected
| 0:01 | Queue | Villager (Male) |
| 0:01 | Queue | Villager (Male) |
| 0:03 | Build | House |
| 0:04 | Build | House |
| 0:11 | Queue | Villager (Male) |
| 0:11 | Queue | Villager (Male) |
| 1:00 | Research | Loom |
| 1:05 | Queue | Villager (Male) |
| 1:19 | Research | Loom |
| 1:28 | Queue | Villager (Male) |
| 2:06 | Queue | Villager (Male) |
| 2:36 | Queue | Villager (Male) |
| 2:36 | Queue | Villager (Male) |
| 2:55 | Build | Palisade Wall |
| 3:25 | Queue | Villager (Male) |
| 4:04 | Queue | Villager (Male) |
| 4:04 | Queue | Villager (Male) |
| 4:13 | Queue | Villager (Male) |
| 4:34 | Build | Lumber Camp |
| 4:54 | Queue | Villager (Male) |
| 4:54 | Queue | Villager (Male) |
| 5:26 | Build | Palisade Wall |
| 5:29 | Queue | Villager (Male) |
| 5:49 | Build | Palisade Wall |
| 5:50 | Build | Palisade Wall |
| 5:52 | Build | Palisade Wall |
| 5:55 | Queue | Villager (Male) |
| 5:55 | Queue | Villager (Male) |
| 6:13 | Build | House |
| 6:34 | Build | Palisade Wall |
| 6:53 | Queue | Villager (Male) |
| 7:11 | Build | Palisade Wall |
| 7:21 | Build | House |
| 7:23 | Queue | Villager (Male) |
| 7:54 | Queue | Villager (Male) |
| 8:00 | Queue | Villager (Male) |
| 8:05 | Queue | Villager (Male) |
| 8:46 | Build | Palisade Wall |
| 8:48 | Queue | Villager (Male) |
| 8:52 | Build | Dock |
| 9:28 | Queue | Villager (Male) |
| 9:44 | Queue | Fishing Ship |
| 9:47 | Build | House |
| 9:52 | Build | Palisade Wall |
| 9:55 | Build | Palisade Wall |
| 9:57 | Queue | Villager (Male) |
| 10:16 | Queue | Villager (Male) |
| 10:19 | Build | Mill |
| 10:27 | Queue | Villager (Male) |
| 10:39 | Queue | Fishing Ship |
| 11:31 | Research | Feudal Age |
| 11:58 | Build | Palisade Wall |
| 12:02 | Build | Palisade Wall |
| 12:07 | Build | Palisade Wall |
| 12:15 | Queue | Villager (Male) |
| 12:25 | Queue | Fishing Ship |
| 12:33 | Build | Palisade Wall |
| 12:34 | Build | Palisade Wall |
| 12:36 | Build | Palisade Wall |
| 12:38 | Build | House |
| 12:41 | Build | Palisade Wall |
| 13:27 | Build | Dock |
| 13:35 | Build | House |
| 13:41 | Age | Feudal Age |
| 13:42 | Build | Mining Camp |
| 13:48 | Queue | Unit 2626 |
| 13:53 | Queue | Fire Galley |
| 13:58 | Queue | Villager (Male) |
| 14:01 | Research | Double-Bit Axe |
| 14:12 | Queue | Villager (Male) |
| 14:19 | Queue | Villager (Male) |
| 14:49 | Queue | Fire Galley |
| 14:50 | Queue | Villager (Male) |
| 15:05 | Research | Wheelbarrow |
| 15:08 | Queue | Villager (Male) |
| 15:15 | Build | Farm |
| 15:17 | Build | Farm |
| 15:21 | Queue | Villager (Male) |
| 15:34 | Queue | Fire Galley |
| 15:44 | Build | House |
| 15:52 | Queue | Villager (Male) |
| 16:12 | Build | Lumber Camp |
| 16:13 | Queue | Villager (Male) |
| 16:21 | Queue | Demolition Raft |
| 16:36 | Build | Farm |
| 17:11 | Queue | Demolition Raft |
| 17:21 | Queue | Villager (Male) |
| 17:23 | Build | Farm |
| 17:25 | Build | Farm |
| 17:27 | Queue | Villager (Male) |
| 17:34 | Queue | Fire Galley |
| 17:50 | Build | House |
| 18:01 | Queue | Fire Galley |
| 18:02 | Queue | Villager (Male) |
| 18:07 | Build | Farm |
| 18:08 | Research | Horse Collar |
| 18:51 | Queue | Demolition Raft |
| 18:56 | Queue | Demolition Raft |
| 18:57 | Queue | Villager (Male) |
| 19:06 | Build | Farm |
| 19:12 | Build | Market |
| 19:24 | Build | Mining Camp |
| 19:47 | Build | Farm |
| 19:49 | Build | Farm |
| 19:50 | Queue | Villager (Male) |
| 19:59 | Build | Mill |
| 20:00 | Build | Farm |
| 20:00 | Build | Farm |
| 20:04 | Build | Farm |
| 20:14 | Queue | Villager (Male) |
| 20:19 | Build | Blacksmith |
| 20:26 | Build | House |
| 20:44 | Queue | Villager (Male) |
| 20:54 | Research | Castle Age |
| 21:04 | Build | Farm |
| 21:07 | Research | Gold Mining |
| 21:31 | Queue | Villager (Male) |
| 22:16 | Build | House |
| 22:36 | Queue | Villager (Male) |
| 23:49 | Age | Castle Age |
| 24:07 | Build | Castle |
| 24:14 | Build | Lumber Camp |
| 24:20 | Build | Monastery |
| 24:24 | Research | Bow Saw |
| 24:25 | Research | Heavy Plow |
| 24:26 | Queue | Villager (Male) |
| 24:34 | Build | Monastery |
| 25:03 | Research | Fletching |
| 25:05 | Queue | Villager (Male) |
| 25:07 | Build | Farm |
| 25:08 | Queue | Villager (Male) |
| 25:09 | Queue | Monk |
| 25:11 | Build | House |
| 25:13 | Build | House |
| 25:19 | Build | Lumber Camp |
| 25:20 | Queue | Villager (Male) |
| 25:24 | Queue | Monk |
| 25:30 | Queue | Ratha (Ranged) |
| 25:38 | Queue | Ratha (Ranged) |
| 25:55 | Research | Bodkin Arrow |
| 25:57 | Queue | Villager (Male) |
| 26:05 | Build | Town Center |
| 26:08 | Queue | Ratha (Ranged) |
| 26:22 | Queue | Villager (Male) |
| 26:23 | Queue | Villager (Male) |
| 26:32 | Queue | Villager (Male) |
| 26:38 | Build | Farm |
| 26:39 | Queue | Villager (Male) |
| 27:01 | Build | Farm |
| 27:02 | Queue | Villager (Male) |
Build order — Deadbeat Dan
First 150 of 412 actions detected
| 0:01 | Queue | Villager (Male) ×4 |
| 0:02 | Build | House |
| 0:03 | Build | House |
| 0:58 | Build | House |
| 0:59 | Build | House |
| 1:01 | Build | Lumber Camp |
| 1:30 | Queue | Villager (Male) |
| 1:59 | Queue | Villager (Male) |
| 2:21 | Queue | Villager (Male) |
| 2:50 | Research | Loom |
| 2:52 | Queue | Villager (Male) |
| 3:06 | Queue | Villager (Male) |
| 3:37 | Queue | Villager (Male) |
| 4:11 | Build | Palisade Wall |
| 4:13 | Queue | Villager (Male) |
| 4:14 | Queue | Villager (Male) |
| 5:01 | Queue | Villager (Male) |
| 5:09 | Queue | Villager (Male) |
| 5:42 | Build | Palisade Wall |
| 5:46 | Queue | Villager (Male) |
| 6:08 | Queue | Villager (Male) |
| 6:27 | Queue | Villager (Male) |
| 6:30 | Build | Dock |
| 6:44 | Build | Palisade Wall |
| 6:46 | Build | Palisade Wall |
| 6:47 | Build | Palisade Wall |
| 6:47 | Build | Palisade Wall |
| 7:13 | Queue | Villager (Male) |
| 7:24 | Build | Lumber Camp |
| 7:32 | Queue | Villager (Male) |
| 7:48 | Queue | Villager (Male) |
| 7:48 | Queue | Villager (Male) |
| 7:53 | Queue | Fishing Ship |
| 8:19 | Queue | Villager (Male) |
| 8:21 | Build | House |
| 8:37 | Build | House |
| 8:44 | Queue | Fishing Ship |
| 8:55 | Queue | Villager (Male) |
| 8:56 | Queue | Villager (Male) |
| 9:00 | Queue | Fishing Ship |
| 9:34 | Queue | Fishing Ship |
| 9:52 | Queue | Villager (Male) |
| 9:52 | Queue | Villager (Male) |
| 10:27 | Queue | Fishing Ship |
| 10:54 | Build | Mining Camp |
| 11:03 | Queue | Villager (Male) |
| 11:05 | Queue | Fishing Ship |
| 11:11 | Research | Feudal Age |
| 11:45 | Queue | Villager (Male) |
| 11:45 | Queue | Villager (Male) |
| 11:48 | Queue | Fishing Ship |
| 11:50 | Queue | Villager (Male) |
| 11:57 | Build | House |
| 12:06 | Build | Mill |
| 13:06 | Build | Lumber Camp |
| 13:38 | Age | Feudal Age |
| 13:40 | Build | Market |
| 13:44 | Build | Blacksmith |
| 13:48 | Research | Double-Bit Axe |
| 13:53 | Research | Tech 906 |
| 14:35 | Research | Castle Age |
| 14:42 | Queue | Fishing Ship |
| 14:42 | Queue | Fishing Ship |
| 14:51 | Build | Dock |
| 15:09 | Build | House |
| 15:16 | Build | Outpost |
| 15:23 | Research | Gold Mining |
| 15:27 | Build | Fish Trap |
| 15:28 | Queue | Fishing Ship |
| 15:44 | Build | House |
| 15:45 | Build | House |
| 15:54 | Build | Fish Trap |
| 15:55 | Queue | Fishing Ship |
| 16:01 | Build | Fish Trap |
| 16:17 | Build | Fish Trap |
| 16:25 | Build | Fish Trap |
| 16:38 | Build | Fish Trap |
| 16:46 | Queue | Villager (Male) |
| 16:46 | Queue | Villager (Male) |
| 17:03 | Build | Fish Trap |
| 17:08 | Build | Fish Trap |
| 17:15 | Age | Castle Age |
| 17:16 | Research | Bow Saw |
| 17:23 | Queue | Villager (Male) |
| 17:23 | Queue | Villager (Male) |
| 17:46 | Build | Town Center |
| 18:04 | Build | Fish Trap |
| 18:10 | Build | Fish Trap |
| 18:20 | Queue | Villager (Male) |
| 18:21 | Queue | Villager (Male) |
| 18:23 | Research | Gillnets |
| 18:27 | Queue | Fishing Ship |
| 18:35 | Build | House |
| 18:36 | Build | House |
| 18:37 | Build | House |
| 18:37 | Build | House |
| 18:40 | Build | House |
| 18:41 | Build | House |
| 18:42 | Build | House |
| 18:42 | Build | House |
| 18:55 | Build | Fish Trap |
| 19:01 | Queue | Villager (Male) |
| 19:02 | Queue | Villager (Male) |
| 19:02 | Queue | Villager (Male) |
| 19:02 | Queue | Villager (Male) |
| 19:14 | Build | Fish Trap |
| 19:24 | Build | Dock |
| 19:30 | Build | Dock |
| 19:33 | Queue | Fishing Ship |
| 19:34 | Queue | Fishing Ship |
| 19:35 | Queue | Villager (Male) |
| 19:36 | Queue | Villager (Male) |
| 19:37 | Queue | Villager (Male) |
| 19:37 | Queue | Villager (Male) |
| 19:46 | Build | Lumber Camp |
| 20:00 | Queue | Fishing Ship |
| 20:01 | Queue | Fishing Ship |
| 20:17 | Build | Fish Trap |
| 20:19 | Build | Fish Trap |
| 20:20 | Queue | Fishing Ship |
| 20:22 | Queue | Fishing Ship |
| 20:31 | Build | Dock |
| 20:36 | Queue | Fishing Ship |
| 20:38 | Queue | Villager (Male) |
| 20:38 | Queue | Villager (Male) |
| 20:38 | Queue | Villager (Male) |
| 20:39 | Queue | Villager (Male) |
| 20:46 | Research | Gold Shaft Mining |
| 20:58 | Build | Palisade Gate |
| 21:00 | Build | Palisade Wall |
| 21:07 | Build | Fish Trap |
| 21:10 | Build | Fish Trap |
| 21:12 | Build | Fish Trap |
| 21:14 | Queue | Fishing Ship |
| 21:17 | Queue | Fishing Ship |
| 21:17 | Queue | Fishing Ship |
| 21:18 | Queue | Villager (Male) |
| 21:18 | Queue | Villager (Male) |
| 21:24 | Build | House |
| 21:25 | Build | House |
| 21:25 | Build | House |
| 21:26 | Build | House |
| 21:33 | Build | University |
| 21:42 | Build | Fish Trap |
| 21:46 | Build | Fish Trap |
| 21:47 | Queue | Fishing Ship |
| 21:52 | Queue | Villager (Male) |
| 21:52 | Queue | Villager (Male) |
| 21:52 | Queue | Villager (Male) |
| 21:52 | Queue | Villager (Male) |
Build order — ALBERT
First 150 of 338 actions detected
| 0:01 | Queue | Villager (Male) |
| 0:02 | Build | House |
| 0:04 | Build | House |
| 0:16 | Queue | Villager (Male) |
| 0:26 | Queue | Villager (Male) |
| 0:30 | Queue | Villager (Male) |
| 0:31 | Queue | Villager (Male) |
| 0:52 | Research | Loom |
| 1:00 | Queue | Villager (Male) |
| 1:36 | Queue | Villager (Male) |
| 1:36 | Queue | Villager (Male) |
| 1:51 | Build | Palisade Wall |
| 1:57 | Build | Palisade Wall |
| 2:25 | Queue | Villager (Male) |
| 2:26 | Queue | Villager (Male) |
| 2:52 | Queue | Villager (Male) |
| 3:26 | Queue | Villager (Male) |
| 3:50 | Build | Lumber Camp |
| 4:11 | Queue | Villager (Male) |
| 4:33 | Queue | Villager (Male) |
| 4:40 | Build | House |
| 4:52 | Queue | Villager (Male) |
| 5:13 | Queue | Villager (Male) |
| 5:38 | Queue | Villager (Male) |
| 5:47 | Queue | Villager (Male) |
| 6:02 | Queue | Villager (Male) |
| 6:27 | Build | Mill |
| 6:45 | Queue | Villager (Male) |
| 6:58 | Queue | Villager (Male) |
| 7:09 | Queue | Villager (Male) |
| 7:17 | Queue | Villager (Male) |
| 7:22 | Queue | Villager (Male) |
| 7:29 | Queue | Villager (Male) |
| 7:34 | Queue | Villager (Male) |
| 7:42 | Queue | Villager (Male) |
| 8:20 | Build | Barracks |
| 8:26 | Queue | Villager (Male) |
| 9:14 | Research | Feudal Age |
| 9:16 | Build | Mining Camp |
| 9:18 | Queue | Militia |
| 9:40 | Queue | Militia |
| 9:44 | Build | House |
| 10:19 | Queue | Villager (Male) |
| 10:27 | Queue | Militia |
| 10:32 | Build | Mining Camp |
| 10:46 | Build | House |
| 11:17 | Queue | Villager (Male) |
| 11:24 | Age | Feudal Age |
| 11:26 | Build | Stone Wall |
| 11:28 | Build | Stone Wall |
| 11:31 | Build | Stone Wall |
| 11:33 | Build | Stone Wall |
| 11:37 | Queue | Villager (Male) |
| 11:42 | Queue | Villager (Male) |
| 11:47 | Build | Watch Tower |
| 11:54 | Queue | Villager (Male) |
| 11:56 | Research | Double-Bit Axe |
| 11:56 | Research | Double-Bit Axe |
| 12:08 | Queue | Villager (Male) |
| 12:45 | Queue | Villager (Male) |
| 12:56 | Queue | Villager (Male) |
| 13:19 | Queue | Villager (Male) |
| 13:22 | Build | Lumber Camp |
| 13:27 | Research | Man-at-Arms (upgrade) |
| 13:43 | Queue | Villager (Male) |
| 13:51 | Build | House |
| 13:54 | Queue | Villager (Male) |
| 14:09 | Build | Stone Wall |
| 14:23 | Queue | Villager (Male) |
| 14:28 | Build | Dock |
| 14:31 | Research | Wheelbarrow |
| 14:51 | Build | Watch Tower |
| 15:01 | Queue | Villager (Male) |
| 15:09 | Queue | Fire Galley |
| 15:25 | Research | Horse Collar |
| 15:47 | Build | House |
| 16:14 | Build | Blacksmith |
| 16:16 | Build | Farm |
| 16:17 | Queue | Villager (Male) |
| 16:27 | Queue | Fire Galley |
| 16:30 | Queue | Villager (Male) |
| 16:38 | Build | House |
| 16:52 | Build | Farm |
| 16:53 | Build | Farm |
| 16:55 | Queue | Villager (Male) |
| 17:08 | Queue | Demolition Raft |
| 17:35 | Queue | Villager (Male) |
| 17:48 | Queue | Villager (Male) |
| 17:51 | Build | Farm |
| 17:52 | Build | Farm |
| 17:54 | Build | Farm |
| 17:55 | Build | Farm |
| 17:55 | Queue | Villager (Male) |
| 18:08 | Queue | Villager (Male) |
| 18:15 | Build | Mill |
| 18:28 | Build | Market |
| 18:38 | Build | Farm |
| 18:41 | Build | Farm |
| 18:43 | Build | Farm |
| 18:45 | Queue | Villager (Male) |
| 19:06 | Build | Farm |
| 19:13 | Build | Farm |
| 19:14 | Build | Farm |
| 19:29 | Build | Gate |
| 19:42 | Build | Farm |
| 19:45 | Build | Farm |
| 19:50 | Build | Farm |
| 19:56 | Research | Castle Age |
| 20:13 | Research | Gold Mining |
| 20:15 | Research | Stone Mining |
| 20:44 | Build | Lumber Camp |
| 21:05 | Build | Stone Wall |
| 21:07 | Build | Stone Wall |
| 21:12 | Queue | Villager (Male) |
| 21:25 | Research | Fletching |
| 22:49 | Age | Castle Age |
| 22:51 | Build | Castle |
| 22:55 | Research | Bow Saw |
| 22:56 | Research | Heavy Plow |
| 22:57 | Queue | Villager (Male) |
| 23:09 | Queue | Villager (Male) |
| 23:27 | Build | Siege Workshop |
| 24:15 | Build | Town Center |
| 24:17 | Build | Monastery |
| 24:18 | Queue | Villager (Male) |
| 24:19 | Queue | Villager (Male) |
| 24:31 | Research | Town Watch |
| 24:37 | Build | Outpost |
| 24:41 | Queue | Villager (Male) |
| 24:44 | Build | Town Center |
| 25:02 | Queue | Villager (Male) |
| 25:03 | Queue | Villager (Male) |
| 25:04 | Queue | Monk |
| 25:08 | Build | Mill |
| 25:22 | Build | Outpost |
| 25:26 | Queue | Villager (Male) |
| 25:32 | Queue | Villager (Male) |
| 25:40 | Build | Mill |
| 25:43 | Build | Stone Wall |
| 25:44 | Build | Stone Wall |
| 25:48 | Queue | Villager (Male) |
| 25:54 | Build | Town Center |
| 26:00 | Queue | Villager (Male) |
| 26:15 | Queue | Villager (Male) |
| 26:22 | Build | Farm |
| 26:23 | Build | Farm |
| 26:27 | Build | Farm |
| 26:28 | Build | Farm |
| 26:29 | Build | Farm |
| 26:30 | Build | Farm |
Build order — dinkydinks
First 150 of 325 actions detected
| 0:01 | Queue | Villager (Male) ×4 |
| 0:01 | Queue | Villager (Male) ×4 |
| 0:02 | Build | House |
| 0:04 | Build | House |
| 0:28 | Research | Loom |
| 0:47 | Build | Palisade Wall |
| 0:51 | Queue | Villager (Male) |
| 0:51 | Queue | Villager (Male) |
| 0:51 | Queue | Villager (Male) |
| 1:39 | Queue | Villager (Male) |
| 1:39 | Queue | Villager (Male) |
| 2:41 | Build | Palisade Wall |
| 2:44 | Queue | Villager (Male) |
| 2:44 | Queue | Villager (Male) |
| 3:21 | Queue | Villager (Male) |
| 3:22 | Queue | Villager (Male) |
| 3:38 | Queue | Villager (Male) |
| 3:38 | Queue | Villager (Male) |
| 3:40 | Build | Palisade Wall |
| 3:52 | Build | Lumber Camp |
| 4:02 | Build | Lumber Camp |
| 4:29 | Queue | Villager (Male) |
| 5:03 | Queue | Villager (Male) |
| 5:03 | Queue | Villager (Male) |
| 5:19 | Build | House |
| 5:42 | Build | Palisade Wall |
| 5:51 | Queue | Villager (Male) |
| 5:58 | Build | Palisade Wall |
| 5:59 | Build | Palisade Wall |
| 6:00 | Queue | Villager (Male) |
| 6:00 | Queue | Villager (Male) |
| 6:11 | Build | Palisade Wall |
| 6:12 | Build | Palisade Wall |
| 6:54 | Queue | Villager (Male) |
| 6:56 | Build | House |
| 7:28 | Queue | Villager (Male) |
| 7:32 | Build | Mill |
| 7:37 | Queue | Villager (Male) |
| 7:50 | Queue | Villager (Male) |
| 8:28 | Build | Farm |
| 8:32 | Queue | Villager (Male) |
| 9:10 | Research | Feudal Age |
| 9:10 | Research | Feudal Age |
| 9:28 | Build | Mining Camp |
| 10:34 | Queue | Villager (Male) |
| 11:10 | Build | Dock |
| 11:14 | Build | Palisade Wall |
| 11:15 | Build | Palisade Wall |
| 11:23 | Age | Feudal Age |
| 11:50 | Queue | Villager (Male) |
| 12:01 | Build | House |
| 12:23 | Queue | Galley |
| 12:36 | Build | Farm |
| 12:36 | Build | Farm |
| 12:36 | Build | Farm |
| 12:36 | Build | Farm |
| 12:36 | Build | Farm |
| 12:36 | Build | Farm |
| 12:37 | Build | Farm |
| 12:38 | Queue | Villager (Male) |
| 12:38 | Queue | Villager (Male) |
| 12:39 | Queue | Villager (Male) |
| 12:40 | Queue | Villager (Male) |
| 12:59 | Build | Palisade Wall |
| 13:01 | Build | Palisade Wall |
| 13:16 | Queue | Unit 2626 |
| 13:22 | Queue | Villager (Male) |
| 13:28 | Build | Palisade Wall |
| 13:30 | Build | Palisade Wall |
| 13:31 | Build | Palisade Wall |
| 13:32 | Build | Palisade Wall |
| 13:34 | Build | Palisade Wall |
| 13:50 | Build | Dock |
| 14:00 | Build | House |
| 14:19 | Queue | Villager (Male) |
| 14:24 | Build | House |
| 14:35 | Queue | Fire Galley |
| 14:39 | Queue | Galley |
| 14:44 | Queue | Unit 2626 |
| 15:20 | Queue | Villager (Male) |
| 15:28 | Queue | Unit 2626 |
| 15:28 | Queue | Unit 2626 |
| 15:32 | Queue | Villager (Male) |
| 15:36 | Research | Double-Bit Axe |
| 16:15 | Queue | Fire Galley |
| 16:15 | Queue | Fire Galley |
| 16:22 | Queue | Villager (Male) |
| 16:25 | Build | House |
| 16:35 | Build | Stone Wall |
| 16:47 | Build | Palisade Wall |
| 16:49 | Build | Palisade Wall |
| 17:11 | Queue | Villager (Male) |
| 17:11 | Queue | Villager (Male) |
| 17:47 | Queue | Villager (Male) |
| 17:47 | Queue | Villager (Male) |
| 17:52 | Queue | Galley |
| 17:52 | Queue | Galley |
| 17:59 | Build | House |
| 18:18 | Build | House |
| 18:19 | Build | House |
| 18:19 | Build | House |
| 18:58 | Build | Outpost |
| 19:01 | Build | Stone Wall |
| 19:23 | Build | Dock |
| 19:26 | Build | Palisade Wall |
| 19:27 | Build | Palisade Wall |
| 19:30 | Build | Palisade Wall |
| 19:30 | Build | Palisade Wall |
| 19:32 | Build | Palisade Wall |
| 19:38 | Queue | Villager (Male) |
| 19:38 | Queue | Villager (Male) |
| 20:26 | Research | Castle Age |
| 20:27 | Research | Castle Age |
| 20:30 | Build | Farm |
| 20:30 | Build | Farm |
| 20:30 | Build | Farm |
| 20:30 | Build | Farm |
| 20:30 | Build | Farm |
| 20:30 | Build | Farm |
| 20:31 | Build | Farm |
| 20:43 | Build | Mining Camp |
| 20:46 | Build | Dock |
| 20:48 | Queue | Unit 2626 |
| 21:09 | Queue | Villager (Male) |
| 21:10 | Queue | Villager (Male) |
| 21:24 | Queue | Unit 2626 |
| 21:27 | Build | Dock |
| 21:35 | Build | Dock |
| 21:54 | Queue | Unit 2626 |
| 21:54 | Queue | Unit 2626 |
| 22:24 | Queue | Villager (Male) |
| 22:28 | Build | House |
| 22:29 | Build | House |
| 22:46 | Queue | Fire Galley |
| 22:46 | Queue | Fire Galley |
| 23:08 | Age | Castle Age |
| 23:24 | Research | War Galley (upgrade) |
| 23:28 | Research | Bow Saw |
| 23:31 | Build | Town Center |
| 23:49 | Build | Town Center |
| 24:28 | Queue | Unit 2626 |
| 24:28 | Queue | Unit 2626 |
| 24:30 | Queue | Villager (Male) |
| 24:30 | Queue | Villager (Male) |
| 24:32 | Queue | Villager (Male) ×5 |
| 24:42 | Build | University |
| 25:03 | Queue | Galley |
| 25:03 | Queue | Galley |
| 25:03 | Research | Tech 905 |
| 25:08 | Build | Blacksmith |
Build order — Pohtan
First 150 of 259 actions detected
| 0:01 | Queue | Villager (Male) |
| 0:02 | Queue | Villager (Male) |
| 0:02 | Queue | Villager (Male) |
| 0:03 | Build | House |
| 0:04 | Build | House |
| 0:12 | Queue | Villager (Male) |
| 0:12 | Queue | Villager (Male) |
| 0:13 | Queue | Villager (Male) |
| 0:14 | Queue | Villager (Male) |
| 1:13 | Research | Loom |
| 1:36 | Queue | Villager (Male) |
| 1:37 | Queue | Villager (Male) |
| 2:04 | Queue | Villager (Male) |
| 2:05 | Queue | Villager (Male) |
| 2:07 | Build | Lumber Camp |
| 2:33 | Queue | Villager (Male) |
| 2:33 | Queue | Villager (Male) |
| 2:34 | Queue | Villager (Male) |
| 3:05 | Queue | Villager (Male) |
| 3:05 | Queue | Villager (Male) |
| 3:27 | Queue | Villager (Male) |
| 3:30 | Build | House |
| 3:54 | Queue | Villager (Male) |
| 4:17 | Queue | Villager (Male) |
| 4:17 | Queue | Villager (Male) |
| 4:47 | Queue | Villager (Male) |
| 4:47 | Queue | Villager (Male) |
| 5:15 | Queue | Villager (Male) |
| 5:15 | Queue | Villager (Male) |
| 5:24 | Build | Palisade Wall |
| 5:36 | Research | Loom |
| 5:55 | Queue | Villager (Male) |
| 6:26 | Queue | Villager (Male) |
| 6:44 | Build | Palisade Wall |
| 6:48 | Build | Palisade Wall |
| 6:52 | Build | Palisade Wall |
| 6:56 | Build | Palisade Wall |
| 7:19 | Queue | Villager (Male) |
| 7:20 | Queue | Villager (Male) |
| 7:45 | Build | Mill |
| 7:56 | Queue | Villager (Male) |
| 8:16 | Build | Palisade Wall |
| 8:56 | Build | House |
| 9:14 | Build | Lumber Camp |
| 9:16 | Queue | Villager (Male) |
| 9:17 | Research | Feudal Age |
| 9:19 | Queue | Villager (Male) |
| 10:04 | Build | Dock |
| 10:21 | Build | House |
| 10:50 | Queue | Villager (Male) |
| 10:59 | Queue | Fishing Ship |
| 11:31 | Queue | Villager (Male) |
| 11:31 | Queue | Villager (Male) |
| 11:34 | Queue | Villager (Male) |
| 11:48 | Research | Feudal Age |
| 11:52 | Queue | Villager (Male) |
| 11:53 | Queue | Villager (Male) |
| 11:53 | Research | Feudal Age |
| 11:55 | Queue | Fishing Ship |
| 11:55 | Queue | Fishing Ship |
| 12:30 | Build | Mining Camp |
| 12:43 | Queue | Fishing Ship |
| 12:51 | Build | House |
| 13:11 | Queue | Villager (Male) |
| 13:11 | Queue | Villager (Male) |
| 13:37 | Queue | Fishing Ship |
| 14:01 | Build | Lumber Camp |
| 14:10 | Build | Palisade Wall |
| 14:24 | Build | Palisade Wall |
| 14:49 | Build | Palisade Wall |
| 14:56 | Age | Feudal Age |
| 15:06 | Build | Blacksmith |
| 15:26 | Build | Stone Wall |
| 16:01 | Queue | Villager (Male) |
| 16:06 | Build | Market |
| 16:20 | Queue | Fishing Ship |
| 16:20 | Queue | Fishing Ship |
| 16:20 | Queue | Fishing Ship |
| 16:30 | Build | House |
| 16:45 | Research | Castle Age |
| 16:45 | Research | Castle Age |
| 16:57 | Build | Mining Camp |
| 17:07 | Research | Double-Bit Axe |
| 17:17 | Build | Dock |
| 17:24 | Build | House |
| 17:26 | Build | House |
| 17:39 | Build | Lumber Camp |
| 18:06 | Build | Stone Wall |
| 18:35 | Queue | Villager (Male) |
| 18:37 | Build | House |
| 18:38 | Build | House |
| 18:41 | Queue | Fishing Ship |
| 18:41 | Queue | Fishing Ship |
| 18:42 | Queue | Fishing Ship |
| 18:44 | Queue | Fishing Ship |
| 18:57 | Build | Stone Wall |
| 19:25 | Age | Castle Age |
| 19:35 | Queue | Transport Ship |
| 19:35 | Queue | Transport Ship |
| 19:54 | Queue | Villager (Male) |
| 19:55 | Queue | Villager (Male) |
| 20:06 | Build | Stone Wall |
| 20:11 | Queue | Villager (Male) |
| 20:24 | Queue | Fire Galley |
| 20:25 | Queue | Fire Galley |
| 20:25 | Queue | Fire Galley |
| 20:27 | Queue | Fire Galley |
| 20:37 | Queue | Villager (Male) |
| 21:06 | Build | Fish Trap |
| 21:16 | Build | Fish Trap |
| 21:40 | Build | Stone Wall |
| 21:50 | Queue | Unit 2626 |
| 21:51 | Queue | Unit 2626 |
| 22:50 | Build | Siege Workshop |
| 23:07 | Queue | Villager (Male) |
| 23:08 | Queue | Villager (Male) |
| 23:08 | Queue | Villager (Male) |
| 23:14 | Build | Stone Wall |
| 23:25 | Research | Bow Saw |
| 23:51 | Build | Castle |
| 23:59 | Build | Town Center |
| 24:04 | Research | Horse Collar |
| 24:09 | Queue | Mangonel |
| 24:24 | Research | Wheelbarrow |
| 24:35 | Build | Lumber Camp |
| 24:52 | Build | Town Center |
| 25:13 | Queue | Villager (Male) ×5 |
| 25:39 | Queue | Villager (Male) |
| 25:56 | Build | Farm |
| 25:56 | Build | Farm |
| 25:56 | Build | Farm |
| 25:56 | Build | Farm |
| 25:57 | Build | Farm |
| 25:57 | Build | Farm |
| 25:57 | Build | Farm |
| 25:58 | Build | Farm |
| 25:58 | Build | Farm |
| 25:58 | Build | Farm |
| 26:06 | Build | Farm |
| 26:06 | Build | Farm |
| 26:06 | Build | Farm |
| 26:07 | Build | Farm |
| 26:07 | Build | Farm |
| 26:08 | Build | Farm |
| 26:08 | Build | Farm |
| 26:08 | Build | Farm |
| 26:08 | Build | Farm |
| 26:13 | Queue | Mangonel |
| 26:41 | Build | Monastery |
| 26:51 | Build | House |
Build order — Kalamalahala
First 150 of 306 actions detected
| 0:00 | Queue | Villager (Male) |
| 0:01 | Queue | Villager (Male) |
| 0:02 | Build | House |
| 0:03 | Build | House |
| 0:08 | Queue | Villager (Male) |
| 0:08 | Queue | Villager (Male) |
| 1:21 | Queue | Villager (Male) |
| 2:02 | Queue | Villager (Male) |
| 2:07 | Build | Lumber Camp |
| 2:14 | Queue | Villager (Male) |
| 2:42 | Queue | Villager (Male) |
| 2:53 | Build | House |
| 3:07 | Build | Palisade Wall |
| 3:09 | Build | Palisade Wall |
| 3:12 | Queue | Villager (Male) |
| 3:38 | Build | House |
| 3:45 | Queue | Villager (Male) |
| 3:57 | Queue | Villager (Male) |
| 4:17 | Queue | Villager (Male) |
| 4:47 | Queue | Villager (Male) |
| 5:14 | Queue | Villager (Male) |
| 5:37 | Build | Palisade Wall |
| 5:41 | Build | Palisade Wall |
| 5:42 | Build | Palisade Wall |
| 5:43 | Build | Palisade Wall |
| 5:51 | Queue | Villager (Male) |
| 5:55 | Queue | Villager (Male) |
| 6:08 | Queue | Villager (Male) |
| 6:18 | Build | Barracks |
| 6:29 | Queue | Villager (Male) |
| 7:03 | Build | Palisade Wall |
| 7:04 | Build | Palisade Wall |
| 7:05 | Build | Palisade Wall |
| 7:10 | Build | Palisade Wall |
| 7:13 | Queue | Villager (Male) |
| 7:32 | Research | Loom |
| 8:11 | Research | Feudal Age |
| 8:11 | Research | Feudal Age |
| 8:22 | Build | Mining Camp |
| 8:33 | Queue | Militia |
| 8:33 | Queue | Militia |
| 8:49 | Queue | Militia |
| 9:00 | Build | Mill |
| 9:13 | Build | House |
| 9:31 | Queue | Militia |
| 9:58 | Queue | Militia |
| 10:18 | Queue | Villager (Male) |
| 10:21 | Age | Feudal Age |
| 10:24 | Research | Man-at-Arms (upgrade) |
| 10:24 | Research | Man-at-Arms (upgrade) |
| 10:56 | Queue | Villager (Male) |
| 11:13 | Build | House |
| 11:28 | Queue | Villager (Male) |
| 11:37 | Build | Watch Tower |
| 11:42 | Queue | Villager (Male) |
| 11:45 | Build | Dock |
| 11:52 | Queue | Villager (Male) |
| 12:11 | Research | Double-Bit Axe |
| 12:38 | Queue | Villager (Male) |
| 13:02 | Build | Stone Wall |
| 13:09 | Build | Stone Wall |
| 13:10 | Queue | Villager (Male) |
| 13:11 | Queue | Villager (Male) |
| 13:18 | Queue | Villager (Male) |
| 13:27 | Build | Stone Wall |
| 13:32 | Queue | Fishing Ship |
| 13:32 | Queue | Fishing Ship |
| 13:40 | Build | House |
| 13:43 | Queue | Villager (Male) |
| 13:53 | Build | House |
| 14:00 | Queue | Villager (Male) |
| 14:07 | Build | Lumber Camp |
| 14:13 | Queue | Villager (Male) |
| 14:19 | Build | Mining Camp |
| 14:46 | Queue | Fire Galley |
| 14:52 | Queue | Villager (Male) |
| 15:05 | Queue | Villager (Male) |
| 15:12 | Queue | Villager (Male) |
| 15:24 | Build | Farm |
| 15:24 | Build | Farm |
| 15:24 | Build | Farm |
| 15:24 | Build | Farm |
| 15:25 | Build | Farm |
| 16:17 | Queue | Villager (Male) |
| 16:35 | Build | Farm |
| 16:36 | Build | Farm |
| 16:44 | Build | Watch Tower |
| 17:00 | Build | Watch Tower |
| 17:03 | Queue | Villager (Male) |
| 17:06 | Build | House |
| 17:07 | Build | House |
| 17:10 | Research | Horse Collar |
| 17:13 | Build | Farm |
| 17:13 | Build | Farm |
| 17:14 | Build | Farm |
| 17:14 | Build | Farm |
| 17:44 | Build | House |
| 17:45 | Queue | Villager (Male) |
| 17:48 | Queue | Villager (Male) |
| 17:50 | Build | Farm |
| 18:08 | Queue | Villager (Male) |
| 18:20 | Build | Farm |
| 18:22 | Queue | Villager (Male) |
| 18:44 | Build | Stone Wall |
| 18:46 | Queue | Villager (Male) |
| 18:59 | Queue | Villager (Male) |
| 19:03 | Queue | Villager (Male) |
| 19:16 | Build | Blacksmith |
| 19:17 | Queue | Villager (Male) |
| 19:25 | Queue | Villager (Male) |
| 19:50 | Queue | Villager (Male) |
| 19:52 | Research | Fletching |
| 19:57 | Build | Mill |
| 19:57 | Build | Farm |
| 19:58 | Build | Farm |
| 19:58 | Build | Farm |
| 19:58 | Build | Farm |
| 19:58 | Build | Farm |
| 19:58 | Build | Farm |
| 20:09 | Research | Wheelbarrow |
| 20:22 | Build | Watch Tower |
| 20:36 | Queue | Villager (Male) |
| 20:40 | Build | Farm |
| 20:41 | Build | Farm |
| 20:43 | Build | Farm |
| 20:45 | Queue | Villager (Male) |
| 20:58 | Queue | Villager (Male) |
| 21:06 | Queue | Villager (Male) |
| 21:09 | Queue | Villager (Male) |
| 21:17 | Queue | Fishing Ship |
| 21:18 | Queue | Villager (Male) |
| 22:44 | Build | Market |
| 22:47 | Queue | Villager (Male) |
| 23:09 | Build | Stone Wall |
| 23:17 | Research | Castle Age |
| 23:22 | Build | House |
| 23:22 | Build | House |
| 23:38 | Research | Gold Mining |
| 23:58 | Queue | Villager (Male) |
| 24:47 | Queue | Villager (Male) |
| 25:57 | Age | Castle Age |
| 26:06 | Build | Castle |
| 26:18 | Build | Stone Wall |
| 26:19 | Queue | Villager (Male) |
| 26:26 | Queue | Villager (Male) |
| 26:36 | Build | Monastery |
| 26:37 | Build | Monastery |
| 26:38 | Build | Monastery |
| 26:54 | Research | Bow Saw |
| 26:57 | Research | Stone Mining |
Match timeline
| 0:47 | dinkydinks · wall_segment Palisade Wall x13 |
| 1:51 | ALBERT · wall_segment Palisade Wall x7 |
| 1:57 | ALBERT · wall_segment Palisade Wall x9 |
| 2:41 | dinkydinks · wall_segment Palisade Wall x1 |
| 2:55 | Pandas United · wall_segment Palisade Wall x12 |
| 3:07 | Kalamalahala · wall_segment Palisade Wall x1 |
| 3:09 | Kalamalahala · wall_segment Palisade Wall x5 |
| 3:40 | dinkydinks · wall_segment Palisade Wall x1 |
| 4:11 | Deadbeat Dan · wall_segment Palisade Wall x6 |
| 4:18 | darthboggs · first_building Dock |
| 5:24 | Pohtan · wall_segment Palisade Wall x10 |
| 5:26 | Pandas United · wall_segment Palisade Wall x8 |
| 5:37 | Kalamalahala · wall_segment Palisade Wall x2 |
| 5:41 | Kalamalahala · wall_segment Palisade Wall x1 |
| 5:42 | Deadbeat Dan · wall_segment Palisade Wall x1 |
| 5:42 | Kalamalahala · wall_segment Palisade Wall x1 |
| 5:42 | dinkydinks · wall_segment Palisade Wall x1 |
| 5:43 | Kalamalahala · wall_segment Palisade Wall x1 |
| 5:49 | Pandas United · wall_segment Palisade Wall x1 |
| 5:50 | Pandas United · wall_segment Palisade Wall x1 |
| 5:52 | Pandas United · wall_segment Palisade Wall x1 |
| 5:57 | Mushu · first_building Dock |
| 5:58 | dinkydinks · wall_segment Palisade Wall x1 |
| 5:59 | dinkydinks · wall_segment Palisade Wall x1 |
| 6:11 | dinkydinks · wall_segment Palisade Wall x1 |
| 6:12 | dinkydinks · wall_segment Palisade Wall x4 |
| 6:18 | Kalamalahala · first_building Barracks |
| 6:30 | Deadbeat Dan · first_building Dock |
| 6:34 | Pandas United · wall_segment Palisade Wall x7 |
| 6:44 | Deadbeat Dan · wall_segment Palisade Wall x6 |
| 6:44 | Pohtan · wall_segment Palisade Wall x1 |
| 6:46 | Deadbeat Dan · wall_segment Palisade Wall x1 |
| 6:47 | Deadbeat Dan · wall_segment Palisade Wall x1 |
| 6:47 | Deadbeat Dan · wall_segment Palisade Wall x1 |
| 6:48 | Pohtan · wall_segment Palisade Wall x1 |
| 6:52 | Pohtan · wall_segment Palisade Wall x1 |
| 6:56 | Pohtan · wall_segment Palisade Wall x1 |
| 7:03 | Kalamalahala · wall_segment Palisade Wall x1 |
| 7:04 | Kalamalahala · wall_segment Palisade Wall x1 |
| 7:05 | Kalamalahala · wall_segment Palisade Wall x1 |
| 7:10 | Kalamalahala · wall_segment Palisade Wall x1 |
| 7:11 | Pandas United · wall_segment Palisade Wall x7 |
| 8:16 | Pohtan · wall_segment Palisade Wall x11 |
| 8:20 | ALBERT · first_building Barracks |
| 8:46 | Pandas United · wall_segment Palisade Wall x14 |
| 8:52 | Pandas United · first_building Dock |
| 9:52 | Pandas United · wall_segment Palisade Wall x1 |
| 9:55 | Pandas United · wall_segment Palisade Wall x15 |
| 10:04 | Pohtan · first_building Dock |
| 10:21 | Kalamalahala · age_up feudal |
| 11:10 | dinkydinks · first_building Dock |
| 11:14 | dinkydinks · wall_segment Palisade Wall x1 |
| 11:15 | dinkydinks · wall_segment Palisade Wall x1 |
| 11:22 | Mushu · wall_segment Palisade Wall x1 |
| 11:23 | dinkydinks · age_up feudal |
| 11:24 | ALBERT · age_up feudal |
| 11:26 | Mushu · wall_segment Palisade Wall x1 |
| 11:26 | ALBERT · wall_segment Stone Wall x1 |
| 11:28 | ALBERT · wall_segment Stone Wall x1 |
| 11:29 | Mushu · wall_segment Palisade Wall x1 |
| 11:31 | ALBERT · wall_segment Stone Wall x1 |
| 11:33 | ALBERT · wall_segment Stone Wall x1 |
| 11:35 | Mushu · wall_segment Palisade Wall x1 |
| 11:44 | darthboggs · age_up feudal |
| 11:45 | Kalamalahala · first_building Dock |
| 11:58 | Pandas United · wall_segment Palisade Wall x1 |
| 12:02 | Pandas United · wall_segment Palisade Wall x1 |
| 12:07 | Pandas United · wall_segment Palisade Wall x2 |
| 12:19 | Mushu · age_up feudal |
| 12:33 | Pandas United · wall_segment Palisade Wall x1 |
| 12:34 | Pandas United · wall_segment Palisade Wall x1 |
| 12:36 | Pandas United · wall_segment Palisade Wall x1 |
| 12:41 | Pandas United · wall_segment Palisade Wall x1 |
| 12:59 | dinkydinks · wall_segment Palisade Wall x1 |
| 13:01 | dinkydinks · wall_segment Palisade Wall x1 |
| 13:02 | Kalamalahala · wall_segment Stone Wall x4 |
| 13:09 | Kalamalahala · wall_segment Stone Wall x13 |
| 13:27 | Kalamalahala · wall_segment Stone Wall x4 |
| 13:28 | dinkydinks · wall_segment Palisade Wall x1 |
| 13:30 | dinkydinks · wall_segment Palisade Wall x1 |
| 13:31 | dinkydinks · wall_segment Palisade Wall x1 |
| 13:32 | dinkydinks · wall_segment Palisade Wall x1 |
| 13:34 | dinkydinks · wall_segment Palisade Wall x1 |
| 13:38 | Deadbeat Dan · age_up feudal |
| 13:41 | Pandas United · age_up feudal |
| 13:57 | darthboggs · wall_segment Palisade Wall x9 |
| 14:09 | ALBERT · wall_segment Stone Wall x1 |
| 14:10 | Pohtan · wall_segment Palisade Wall x10 |
| 14:24 | Pohtan · wall_segment Palisade Wall x7 |
| 14:28 | ALBERT · first_building Dock |
| 14:49 | Pohtan · wall_segment Palisade Wall x7 |
| 14:56 | Pohtan · age_up feudal |
| 15:03 | darthboggs · age_up castle |
| 15:26 | Pohtan · wall_segment Stone Wall x7 |
| 16:25 | Mushu · age_up castle |
| 16:35 | dinkydinks · wall_segment Stone Wall x12 |
| 16:47 | dinkydinks · wall_segment Palisade Wall x1 |
| 16:49 | dinkydinks · wall_segment Palisade Wall x1 |
| 16:57 | Mushu · first_building Siege Workshop |
| 17:15 | Deadbeat Dan · age_up castle |
| 18:06 | Pohtan · wall_segment Stone Wall x7 |
| 18:44 | Kalamalahala · wall_segment Stone Wall x5 |
| 18:57 | Pohtan · wall_segment Stone Wall x7 |
| 19:01 | dinkydinks · wall_segment Stone Wall x13 |
| 19:25 | Pohtan · age_up castle |
| 19:26 | dinkydinks · wall_segment Palisade Wall x1 |
| 19:27 | dinkydinks · wall_segment Palisade Wall x1 |
| 19:30 | dinkydinks · wall_segment Palisade Wall x1 |
| 19:30 | dinkydinks · wall_segment Palisade Wall x1 |
| 19:32 | dinkydinks · wall_segment Palisade Wall x1 |
| 19:55 | ALBERT · first_market_sell 100 stone |
| 20:06 | Pohtan · wall_segment Stone Wall x7 |
| 20:11 | Pandas United · first_market_buy 100 food |
| 21:00 | Deadbeat Dan · wall_segment Palisade Wall x13 |
| 21:05 | ALBERT · wall_segment Stone Wall x3 |
| 21:07 | ALBERT · wall_segment Stone Wall x6 |
| 21:40 | Pohtan · wall_segment Stone Wall x7 |
| 21:57 | Deadbeat Dan · first_building Monastery |
| 22:49 | ALBERT · age_up castle |
| 22:50 | Pohtan · first_building Siege Workshop |
| 22:51 | ALBERT · first_building Castle |
| 23:08 | dinkydinks · age_up castle |
| 23:09 | Kalamalahala · wall_segment Stone Wall x1 |
| 23:14 | Pohtan · wall_segment Stone Wall x7 |
| 23:27 | ALBERT · first_building Siege Workshop |
| 23:49 | Pandas United · age_up castle |
| 23:51 | Pohtan · first_building Castle |
| 24:07 | Pandas United · first_building Castle |
| 24:07 | Deadbeat Dan · first_building Barracks |
| 24:17 | ALBERT · first_building Monastery |
| 24:20 | Pandas United · first_building Monastery |
| 24:22 | darthboggs · first_building Barracks |
| 24:46 | Pohtan · first_market_sell 100 wood |
| 24:47 | Pohtan · first_market_buy 100 stone |
| 24:55 | Deadbeat Dan · first_building Archery Range |
| 25:22 | Mushu · first_building Monastery |
| 25:43 | ALBERT · wall_segment Stone Wall x1 |
| 25:44 | ALBERT · wall_segment Stone Wall x1 |
| 25:57 | Kalamalahala · age_up castle |
| 26:06 | Kalamalahala · first_building Castle |
| 26:06 | darthboggs · first_building Monastery |
| 26:15 | darthboggs · first_building Stable |
| 26:18 | Kalamalahala · wall_segment Stone Wall x9 |
| 26:21 | Mushu · first_building Barracks |
| 26:36 | Kalamalahala · first_building Monastery |
| 26:41 | Pohtan · first_building Monastery |
| 26:44 | Mushu · first_market_sell 100 wood |
| 26:58 | Deadbeat Dan · age_up imperial |
| 27:07 | Deadbeat Dan · first_market_sell 100 food |
| 27:22 | Deadbeat Dan · first_building Castle |
| 27:48 | dinkydinks · wall_segment Stone Wall x15 |
| 28:06 | Kalamalahala · wall_segment Stone Wall x9 |
| 28:23 | Pandas United · wall_segment Stone Wall x6 |
| 28:52 | Mushu · first_building Archery Range |
| 29:05 | darthboggs · first_building Castle |
| 29:17 | Mushu · first_building Stable |
| 29:53 | ALBERT · first_market_buy 100 food |
| 29:58 | Kalamalahala · first_market_sell 100 food |
| 29:59 | darthboggs · first_building Siege Workshop |
| 30:00 | Mushu · age_up imperial |
| 30:10 | darthboggs · age_up imperial |
| 30:17 | Kalamalahala · first_market_buy 100 stone |
| 30:34 | Mushu · first_building Castle |
| 30:48 | Kalamalahala · age_up imperial |
| 30:50 | Deadbeat Dan · first_building Siege Workshop |
| 31:15 | ALBERT · age_up imperial |
| 32:11 | darthboggs · first_market_sell 500 food |
| 32:28 | ALBERT · first_building Archery Range |
| 32:55 | Pandas United · first_building Barracks |
| 33:37 | dinkydinks · first_building Castle |
| 34:11 | Pandas United · age_up imperial |
| 34:17 | Pandas United · first_building Archery Range |
| 34:50 | Mushu · tribute_sent a jugador 2 |
| 34:50 | Mushu · tribute_sent a jugador 3 |
| 34:50 | Mushu · tribute_sent a jugador 4 |
| 34:50 | Mushu · tribute_sent a jugador 5 |
| 34:50 | Mushu · tribute_sent a jugador 6 |
| 34:50 | Mushu · tribute_sent a jugador 7 |
| 34:50 | Mushu · tribute_sent a jugador 8 |
| 35:25 | dinkydinks · first_building Barracks |
| 36:32 | Pohtan · wall_segment Stone Wall x1 |
| 36:53 | dinkydinks · first_market_buy 100 food |
| 36:57 | Mushu · tribute_sent a jugador 2 |
| 36:57 | Mushu · tribute_sent a jugador 3 |
| 36:57 | Mushu · tribute_sent a jugador 4 |
| 36:57 | Mushu · tribute_sent a jugador 5 |
| 36:57 | Mushu · tribute_sent a jugador 6 |
| 36:57 | Mushu · tribute_sent a jugador 7 |
| 36:57 | Mushu · tribute_sent a jugador 8 |
| 37:21 | dinkydinks · first_building Siege Workshop |
| 37:29 | Pohtan · first_building Barracks |
| 37:44 | Pandas United · first_building Stable |
| 37:57 | dinkydinks · age_up imperial |
| 38:08 | darthboggs · tribute_sent a jugador 1 |
| 38:08 | darthboggs · tribute_sent a jugador 2 |
| 38:08 | darthboggs · tribute_sent a jugador 3 |
| 38:08 | darthboggs · tribute_sent a jugador 4 |
| 38:08 | darthboggs · tribute_sent a jugador 5 |
| 38:08 | darthboggs · tribute_sent a jugador 6 |
| 38:08 | darthboggs · tribute_sent a jugador 7 |
| 38:12 | Pohtan · age_up imperial |
| 39:35 | Mushu · tribute_sent a jugador 2 |
| 39:35 | Mushu · tribute_sent a jugador 3 |
| 39:35 | Mushu · tribute_sent a jugador 4 |
| 39:35 | Mushu · tribute_sent a jugador 5 |
| 39:35 | Mushu · tribute_sent a jugador 6 |
| 39:35 | Mushu · tribute_sent a jugador 7 |
| 39:35 | Mushu · tribute_sent a jugador 8 |
| 39:43 | Mushu · tribute_sent a jugador 2 |
| 39:43 | Mushu · tribute_sent a jugador 3 |
| 39:43 | Mushu · tribute_sent a jugador 4 |
| 39:43 | Mushu · tribute_sent a jugador 5 |
| 39:43 | Mushu · tribute_sent a jugador 6 |
| 39:43 | Mushu · tribute_sent a jugador 7 |
| 39:43 | Mushu · tribute_sent a jugador 8 |
| 39:53 | Mushu · tribute_sent a jugador 2 |
| 39:53 | Mushu · tribute_sent a jugador 3 |
| 39:53 | Mushu · tribute_sent a jugador 4 |
| 39:53 | Mushu · tribute_sent a jugador 5 |
| 39:53 | Mushu · tribute_sent a jugador 6 |
| 39:53 | Mushu · tribute_sent a jugador 7 |
| 39:53 | Mushu · tribute_sent a jugador 8 |
| 40:16 | ALBERT · resign |
| 41:13 | Pandas United · first_market_sell 500 wood |
| 41:29 | Mushu · tribute_sent a jugador 2 |
| 41:29 | Mushu · tribute_sent a jugador 3 |
| 41:29 | Mushu · tribute_sent a jugador 4 |
| 41:29 | Mushu · tribute_sent a jugador 5 |
| 41:29 | Mushu · tribute_sent a jugador 6 |
| 41:29 | Mushu · tribute_sent a jugador 7 |
| 41:29 | Mushu · tribute_sent a jugador 8 |
[ AI ANALYSIS · 1 CREDIT ]
What really happened in this match?
Wolo.gg analyzes every decision: build order, eco, micro, common mistakes by bracket. Personalized analysis on WhatsApp or Discord in 30 seconds.
Civ guide
Persians
Perfil
Jugador #2054812